Map: Orbital Shipyard

Players

MorN - Winner!

  • Race: Terran Terran
  • League: Master

iMarine

  • Race: Zerg Zerg
  • League: Master

VOD

Have the link to the VOD?

Description

Time

  • Played on: Jan. 5, 2016, 11:50 p.m.
  • Length: 16:09
Show
View Real Time Build Order
Export as new Build Order

MorN Terran - Winner!

Build Orders: Reaper Expand, MMM Bio 

Get SALT Encoding   

  12  0:01  SCV  
  13  0:13  SCV  
  14  0:18  Supply Depot  
  14  0:25  SCV  
  15  0:39  SCV  
  15  0:41  Barracks  
  16  0:44  Refinery  
  16  0:52  SCV  
  17  1:04  SCV  
  18  1:16  SCV  
  19  1:28  Reaper, Orbital Command  
  20  1:42  Command Center  
  20  1:53  Supply Depot  
  20  1:54  SCV  
  20  2:01  Barracks  
  21  2:03  Barracks Reactor  
  21  2:10  SCV  
  22  2:20  Barracks  
  22  2:22  SCV  
  23  2:34  SCV  
  24  2:41  Marine x2  
  26  2:46  SCV  
  27  2:52  Barracks Tech Lab  
  27  2:55  Orbital Command  
  27  2:59  SCV  
  28  3:07  Refinery  
  28  3:08  Marine x3  
  28  3:11  SCV, Factory  
  32  3:16  Marine  
  33  3:22  SCV  
  33  3:23  SCV  
  33  3:25  Marine  
  36  3:28  Marine x2  
  36  3:29  Stimpack  
  36  3:34  SCV  
  38  3:35  SCV  
  39  3:41  Marine  
  39  3:43  Marine  
  39  3:46  Supply Depot, SCV  
  39  3:47  SCV  
  39  3:48  Marine x2  
  43  3:55  Supply Depot  
  45  3:57  Starport  
  45  3:58  SCV  
  45  3:59  Factory Reactor  
  46  4:07  SCV, Marine  
  46  4:08  Marine  
  49  4:10  SCV  
  49  4:11  Marine x2  
  52  4:19  SCV  
  52  4:22  Supply Depot, SCV  
  54  4:25  Marine x2  
  56  4:31  SCV  
  56  4:32  Marine x2  
  56  4:34  SCV  
  56  4:35  Supply Depot  
  60  4:42  Medivac  
  60  4:43  SCV, Medivac, Marine  
  66  4:46  SCV  
  66  4:47  Factory Reactor  
  66  4:50  Barracks Reactor  
  67  4:54  Marine x2  
  67  4:56  SCV, Supply Depot  
  70  5:00  SCV  
  70  5:01  Marine  
  70  5:02  Supply Depot  
  72  5:08  SCV  
  73  5:17  Marine  
  73  5:18  Marine  
  75  5:23  Command Center  
  75  5:24  Refinery  
  75  5:25  Refinery  
  75  5:27  Engineering Bay x2, Marine x2  
  77  5:39  Marine x3  
  77  5:41  SCV  
  80  5:46  Marine x2  
  80  5:58  Marauder  
  80  6:03  Marine x3  
  80  6:04  Combat Shields  
  81  6:06  Terran Infantry Weapons Level 1, Terran Infantry Armor Level 1  
  81  6:07  Supply Depot  
  80  6:17  Marine  
  79  6:19  Marauder  
  79  6:20  Supply Depot  
  79  6:21  Marine  
  79  6:22  SCV  
  79  6:24  Marine x2  
  79  6:25  Supply Depot  
  85  6:26  Supply Depot, Medivac x2  
  85  6:29  Widow Mine x2  
  85  6:30  SCV  
  93  6:41  Marauder  
  93  6:42  Marine x2  
  93  6:43  Orbital Command  
  93  6:44  SCV  
  93  6:46  Supply Depot  
  98  6:51  Barracks  
  98  6:52  Barracks  
  98  6:56  Medivac x2  
  98  7:00  Orbital Command  
  102  7:02  Marauder  
  102  7:04  Marine x3  
  107  7:10  Armory  
  107  7:11  SCV  
  108  7:16  Widow Mine x2  
  108  7:19  SCV  
  113  7:23  Marauder  
  98  7:57  Marine x3  
  98  7:58  Barracks Reactor, Barracks Tech Lab, Marauder  
  97  8:00  SCV x3  
  97  8:01  Terran Infantry Weapons Level 2, Terran Infantry Armor Level 2  
  100  8:12  SCV  
  101  8:19  Marine  
  101  8:20  Marauder, Marine x2  
  101  8:21  Marine x2  
  101  8:22  SCV x2  
  101  8:24  SCV  
  101  8:26  Supply Depot  
  103  8:27  Supply Depot  
  103  8:34  SCV  
  104  8:37  Marine x3  
  104  8:38  Supply Depot, Widow Mine x2  
  104  8:39  Marauder, Medivac  
  104  8:40  SCV x2  
  117  8:41  Barracks  
  117  8:42  Refinery, Marauder  
  117  8:43  Refinery, Barracks x2  
  117  8:44  Command Center  
  119  8:52  Marine  
  119  8:55  Marine x2  
  122  8:57  Medivac  
  122  9:01  Marauder  
  120  9:03  Marine, Marauder  
  120  9:04  Marine x2  
  120  9:07  Widow Mine x2  
  120  9:08  SCV x2  
  120  9:09  Medivac  
  128  9:20  Marine x2  
  128  9:21  Marine x2  
  128  9:22  Marauder  
  131  9:25  Marauder  
  131  9:27  Medivac  
  134  9:37  Marine x2  
  134  9:39  Medivac  
  134  9:42  Barracks Reactor, Barracks Tech Lab x2  
  134  9:43  SCV x3, Marauder  
  141  9:55  SCV x3  
  141  9:57  Medivac  
  146  10:07  SCV x2  
  146  10:08  SCV  
  146  10:09  Medivac  
  133  10:41  Marine  
  133  10:42  Planetary Fortress  
  132  10:45  Marine x2  
  123  11:04  Marine x2  
  123  11:05  Marauder  
  73  11:57  Barracks x4  
  73  12:01  Barracks  
  73  12:02  Barracks  
  73  12:03  Barracks  
  68  12:33  Orbital Command  
  47  13:25  Marine x3  
  50  13:27  Marine x4  
  50  13:28  Orbital Command  
  54  13:42  Marine  
  54  13:43  Marine  
  56  13:53  Orbital Command  
  56  13:56  Marine x2  
  56  13:57  Marine x3  
  61  14:05  Marine x2  
  63  14:14  Marine x2  
  63  14:15  Marine x3  
  66  14:36  Marine x4  
  66  14:37  Marine x3  
  58  14:54  Marine x6  
  58  14:55  Marine  
  58  14:59  Command Center  
  60  15:11  Marine  
  60  15:12  Marine x5  
  58  15:29  Marine x3  
  58  15:30  Marine  
  59  15:47  Marine x3  
  59  15:48  Marine  
Show
View Real Time Build Order
Export as new Build Order

iMarine Zerg 

Build Orders: Hatch First 

Get SALT Encoding   

  12  0:02  Drone  
  13  0:14  Overlord  
  13  0:17  Drone  
  14  0:33  Drone x2  
  16  0:36  Drone  
  17  0:53  Hatchery  
  17  0:55  Drone  
  17  0:58  Drone  
  17  1:02  Extractor  
  17  1:08  Drone  
  18  1:16  Spawning Pool  
  17  1:19  Drone  
  18  1:30  Drone  
  19  1:40  Drone  
  20  1:52  Overlord  
  20  2:03  Metabolic Boost  
  20  2:04  Queen  
  20  2:05  Queen  
  20  2:06  Zergling x4  
  26  2:13  Drone  
  27  2:18  Drone  
  28  2:24  Drone  
  29  2:32  Spore Crawler  
  29  2:36  Drone  
  29  2:37  Drone  
  31  2:41  Queen  
  32  2:52  Drone x3  
  35  3:08  Hatchery  
  35  3:10  Overlord x2  
  35  3:12  Overlord  
  34  3:28  Drone  
  34  3:29  Drone x6  
  34  3:33  Roach Warren  
  40  3:34  Drone  
  41  3:50  Extractor  
  41  3:51  Drone x9  
  41  3:52  Extractor  
  48  3:57  Lair  
  48  4:04  Queen  
  48  4:06  Drone  
  48  4:09  Overlord  
  51  4:13  Overlord  
  51  4:16  Overlord  
  50  4:25  Drone x5  
  55  4:32  Drone x4  
  55  4:33  Drone  
  55  4:38  Overlord  
  60  4:46  Roach x2  
  60  4:52  Roach x2  
  68  4:55  Overseer  
  68  4:57  Glial Reconstitution  
  68  5:03  Roach x6  
  80  5:08  Roach x2  
  86  5:14  Roach x2  
  86  5:18  Overlord  
  86  5:19  Overlord x2  
  88  5:23  Ravager  
  88  5:28  Overlord x3  
  89  5:33  Extractor  
  89  5:34  Roach  
  90  5:39  Roach x4  
  90  5:42  Roach  
  100  5:45  Spore Crawler  
  100  5:46  Spore Crawler  
  100  5:47  Roach x2  
  104  5:55  Roach  
  104  5:56  Roach  
  106  5:57  Queen  
  102  6:12  Drone x4  
  102  6:14  Overlord  
  102  6:15  Overlord x4  
  106  6:25  Spore Crawler  
  105  6:27  Spore Crawler  
  105  6:30  Spore Crawler  
  103  6:34  Drone x6  
  103  6:35  Drone x2  
  111  6:46  Spore Crawler  
  110  6:47  Spore Crawler  
  110  6:48  Spore Crawler  
  108  6:54  Spore Crawler x2  
  108  6:55  Spore Crawler, Spine Crawler  
  108  6:56  Spine Crawler  
  108  6:57  Spore Crawler  
  108  6:58  Drone x2, Spine Crawler  
  108  6:59  Drone, Spine Crawler  
  108  7:00  Spore Crawler  
  108  7:01  Drone, Spine Crawler  
  102  7:12  Roach x4  
  102  7:14  Ravager x6  
  116  7:32  Extractor x2  
  116  7:36  Roach x5  
  122  7:38  Hatchery  
  122  7:42  Zergling x10  
  118  7:58  Roach Warren  
  116  8:05  Drone x8  
  118  8:06  Drone x2  
  122  8:35  Queen x2  
  122  8:39  Infestation Pit  
  126  8:43  Overlord x5  
  128  8:48  Roach  
  128  8:49  Roach  
  128  8:51  Overseer  
  128  8:52  Overseer  
  125  9:04  Roach  
  125  9:05  Roach x8  
  143  9:16  Roach x4  
  148  9:33  Drone x7  
  153  9:46  Roach x4  
  161  9:54  Roach, Extractor x2  
  161  9:55  Roach x3  
  161  9:57  Hive  
  167  10:01  Overlord x2  
  167  10:16  Roach x2  
  167  10:17  Roach  
  161  10:30  Roach x2  
  161  10:31  Roach x7  
  163  10:50  Drone  
  163  10:55  Ravager x7  
  166  10:59  Spine Crawler  
  166  11:00  Spine Crawler  
  161  11:12  Zergling x2  
  161  11:13  Zergling x18  
  135  11:48  Overlord x3  
  112  13:17  Hatchery  
  87  15:14  Drone x3  
Tags
 
Add a new tag
Caveats
  • Supply blocks, unpowered buildings, or Contaminate may cause inaccurate times.
  • Supply counts are checked every 10 seconds.